Map: Romanticide LE

Players

BlyOnFire (Bly)

  • Race: Zerg Zerg
  • League: Grandmaster
  • Spawn Location: 11:00

LiquidMaNa (MaNa) - Winner!

  • Race: Protoss Protoss
  • League: Grandmaster
  • Spawn Location: 5:00

Event: StayAtHome Story Cup #3

VOD

https://youtu.be/4oEvGICId-0

Description

Time

  • Played on: March 11, 2021, 8:02 a.m.
  • Length: 8:30

All games in this series

Show
View Real Time Build Order
Export as new Build Order

BlyOnFire Zerg 

Build Orders: Hatch First 

Get SALT Encoding   

  12  0:00  Drone  
  13  0:12  Overlord  
  13  0:17  Drone  
  14  0:30  Drone x2  
  16  0:51  Drone  
  16  0:52  Drone  
  18  1:03  Drone  
  19  1:24  Drone x2  
  21  1:26  Extractor  
  21  1:27  Hatchery  
  21  1:29  Extractor  
  18  1:33  Spawning Pool  
  19  1:47  Drone  
  19  1:50  Drone  
  19  1:51  Hatchery  
  19  1:58  Drone  
  20  2:05  Drone  
  21  2:15  Drone  
  22  2:20  Extractor  
  22  2:21  Queen  
  22  2:22  Spore Crawler  
  23  2:23  Overlord  
  24  2:44  Queen  
  24  2:45  Drone x3  
  24  2:46  Metabolic Boost  
  24  2:50  Extractor  
  28  2:52  Zergling x2  
  28  2:54  Zergling x2  
  30  3:04  Zergling x2  
  30  3:05  Zergling x2  
  32  3:06  Queen  
  32  3:12  Drone  
  35  3:15  Overlord  
  35  3:18  Drone  
  35  3:19  Drone  
  37  3:33  Drone x6  
  42  3:47  Drone x5  
  46  3:52  Zergling x2  
  46  3:54  Zergling x6  
  50  4:06  Overlord  
  50  4:09  Overlord  
  50  4:15  Spore Crawler  
  50  4:16  Spore Crawler  
  47  4:17  Spore Crawler, Overlord  
  47  4:23  Overlord  
  46  4:24  Drone x2  
  48  4:32  Queen  
  48  4:34  Lair  
  49  4:42  Drone x5  
  54  4:50  Queen  
  51  5:08  Drone x2  
  51  5:09  Drone x7  
  60  5:18  Zergling x8  
  60  5:19  Queen  
  66  5:22  Zergling x4  
  66  5:23  Hatchery  
  66  5:27  Zergling x8  
  71  5:32  Extractor x2  
  71  5:35  Zergling x2  
  68  5:41  Zergling x10  
  71  5:46  Queen  
  72  5:50  Queen  
  72  5:56  Zergling x10  
  68  6:10  Zergling x2  
  68  6:11  Zergling x12  
  63  6:18  Drone x2  
  62  6:31  Drone  
  62  6:32  Drone x2  
  65  6:33  Drone  
  65  6:36  Drone  
  67  6:41  Infestation Pit  
  67  6:43  Drone  
  67  6:45  Drone  
  66  6:54  Queen x2  
  66  6:56  Zergling x10  
  66  7:00  Baneling Nest  
  66  7:10  Zergling x26  
  72  7:30  Overlord x2  
  72  7:41  Overlord  
  72  7:46  Overlord  
  72  7:48  Baneling x6  
  72  7:52  Drone x3  
  72  7:53  Drone  
  76  8:00  Drone  
  76  8:01  Drone  
  78  8:12  Drone x7  
Show
View Real Time Build Order
Export as new Build Order

LiquidMaNa Protoss - Winner!

Build Orders: 1 Gate Expand 

Get SALT Encoding   

  12  0:00  Probe  
  13  0:12  Probe  
  14  0:17  Pylon  
  14  0:24  Probe (Chrono Boost)  
  15  0:36  Probe (Chrono Boost)  
  15  0:41  Gateway  
  16  0:45  Probe (Chrono Boost)  
  16  0:49  Assimilator  
  17  0:51  Probe  
  18  0:59  Pylon  
  18  1:03  Probe  
  19  1:15  Probe  
  20  1:32  Nexus  
  20  1:42  Cybernetics Core  
  20  1:48  Assimilator  
  20  1:52  Probe  
  21  1:59  Zealot (Chrono Boost)  
  23  2:04  Probe  
  24  2:08  Pylon  
  24  2:16  Probe  
  24  2:20  Warp Gate  
  25  2:28  Probe  
  25  2:29  Stargate  
  26  2:34  Adept (Chrono Boost)  
  28  2:40  Probe  
  29  2:45  Probe  
  30  2:52  Probe  
  30  2:55  Adept  
  30  2:57  Probe  
  34  3:04  Probe, Void Ray (Chrono Boost)  
  35  3:09  Probe  
  36  3:16  Probe  
  41  3:21  Probe  
  41  3:24  Pylon  
  42  3:31  Probe  
  43  3:37  Twilight Council  
  43  3:41  Probe  
  44  3:42  Gateway  
  44  3:43  Probe  
  45  3:53  Probe  
  46  3:59  Gateway  
  46  4:04  Probe, Gateway, Assimilator  
  46  4:05  Probe  
  46  4:09  Resonating Glaives (Chrono Boost)  
  48  4:12  Adept  
  48  4:16  Probe  
  51  4:19  Oracle  
  51  4:23  Pylon  
  54  4:32  Pylon  
  54  4:34  Pylon  
  54  4:39  Probe  
  54  4:41  Probe  
  54  4:43  Adept  
  54  4:44  Adept  
  59  4:51  Probe  
  59  4:53  Probe  
  60  5:01  Pylon  
  60  5:03  Probe  
  60  5:05  Probe  
  61  5:08  Adept x4  
  69  5:16  Probe  
  69  5:17  Probe, Void Ray  
  71  5:22  Pylon  
  75  5:32  Nexus  
  73  5:50  Adept x4  
  81  5:57  Probe  
  80  6:11  Adept x3  
  80  6:13  Adept  
  78  6:22  Probe x2  
  78  6:25  Shield Battery  
  76  6:33  Adept x4  
  76  6:34  Probe x2  
  86  6:41  Charge  
  86  6:44  Templar Archives, Forge  
  86  6:45  Gateway  
  86  6:46  Probe x2, Gateway  
  87  6:55  Zealot  
  89  7:10  Zealot x3  
  89  7:12  Assimilator  
  89  7:13  Probe x2, Assimilator  
  89  7:15  Probe  
  94  7:25  Probe x2  
  94  7:27  Robotics Facility  
  94  7:29  Gateway  
  96  7:31  Gateway  
  96  7:49  High Templar x2, Assimilator  
  100  7:55  Pylon  
  100  8:03  Gateway  
  100  8:05  Gateway  
  100  8:08  Nexus  
  100  8:15  High Templar  
  100  8:16  High Templar x3  
  108  8:20  Archon x2  
  108  8:21  Archon  
  108  8:22  Pylon  
  108  8:24  Pylon  
Tags
 
Add a new tag
Caveats
  • Supply blocks, unpowered buildings, or Contaminate may cause inaccurate times.
  • Supply counts are checked every 10 seconds.